Map: Dash and Terminal LE (Void)

Players

Houzi - Winner!

  • Race: Zerg Zerg
  • League: Grandmaster

Javert

  • Race: Zerg Zerg
  • League: Grandmaster

VOD

Have the link to the VOD?

Description

Time

  • Played on: July 14, 2015, 1:43 a.m.
  • Length: 3:55
Show
View Real Time Build Order
Export as new Build Order

Houzi Zerg - Winner!

Build Orders: Pool Only 

Get SALT Encoding   

  12  0:01  Drone  
  13  0:13  Extractor  
  12  0:26  Spawning Pool  
  11  0:29  Drone  
  11  0:34  Drone  
  13  0:45  Overlord  
  13  1:12  Queen  
  13  1:13  Metabolic Boost  
  15  1:19  Zergling x2  
  15  1:23  Zergling x2  
  17  1:26  Zergling x2  
  18  1:34  Overlord  
  18  1:41  Zergling x2  
  19  1:51  Zergling x2  
  20  2:03  Overlord  
  20  2:12  Zergling x2  
  21  2:34  Zergling x2  
  21  2:35  Zergling x6  
  24  2:40  Zergling x2  
  24  2:53  Zergling x8  
  27  3:01  Zergling x2  
  26  3:09  Zergling x2  
  26  3:14  Zergling x2  
  26  3:27  Zergling x2  
Show
View Real Time Build Order
Export as new Build Order

Javert Zerg 

Build Orders: Hatch First 

Get SALT Encoding   

  12  0:02  Drone  
  13  0:15  Overlord  
  13  0:22  Drone  
  14  0:36  Drone x2  
  16  0:54  Hatchery, Drone  
  16  0:56  Extractor  
  15  0:58  Drone  
  16  1:08  Drone  
  17  1:12  Drone  
  18  1:23  Drone  
  19  1:33  Overlord  
  19  1:42  Drone  
  20  1:52  Spawning Pool  
  19  1:55  Drone  
  20  2:14  Drone x2  
  22  2:16  Drone  
  22  2:42  Zergling x4  
  22  2:43  Zergling x6  
  19  3:10  Zergling x6  
  19  3:11  Zergling x2  
  18  3:33  Spine Crawler  
Tags
 
Add a new tag
Caveats
  • Supply blocks, unpowered buildings, or Contaminate may cause inaccurate times.
  • Supply counts are checked every 10 seconds.